 Dungeon Crawl Stone Soup version 0.24.0-13-gcf9b319 (webtiles) character file.

Game seed: 12024057169798781939, levelgen mode: deterministic

2039 Fang the Skirmisher (level 9, 0/56 HPs)
             Began as a Gargoyle Berserker on Nov 25, 2019.
             Was an Elder of Trog.
             Killed from afar by Erica (18 damage)
             ... with an orb of energy
             ... on level 8 of the Dungeon.
             The game lasted 00:06:23 (6142 turns).

Fang the Skirmisher (Gargoyle Berserker)            Turns: 6142, Time: 00:06:24

Health: 0/56       AC: 23    Str: 26    XL:     9   Next: 24%
Magic:  9/9        EV:  7    Int:  9    God:    Trog [****..]
Gold:   395        SH:  0    Dex:  9    Spells: 8/8 levels left

rFire    . . .     SeeInvis .   a - +2 war axe
rCold    . . .     Gourm    .   B - +0 shield
rNeg     + . .     Faith    .   b - +2 plate armour
rPois    ∞         Spirit   .   (no helmet)
rElec    +         Reflect  .   (no cloak)
rCorr    +         Harm     .   q - +0 pair of gloves of the Elephant {*Drain rElec rCorr Stlth+}
MR       .....                  (no boots)
Stlth    ..........             (no amulet)
HPRegen  0.18/turn              l - +1 ring of protection
MPRegen  0.11/turn              u - +3 ring of strength

@: confused, berserk cooldown, slowed, very slow
A: negative energy resistance 1, electricity resistance, unbreathing,
petrification resistance, rot immunity, AC +6
a: Berserk, Trog's Hand, Brothers in Arms, Renounce Religion


You were on level 8 of the Dungeon.
You worshipped Trog.
Trog was greatly pleased with you.
You were hungry.

You visited 2 branches of the dungeon, and saw 9 of its levels.

You collected 395 gold pieces.

Inventory:

Hand Weapons
 a - a +2 war axe (weapon)
Armour
 b - a +2 plate armour (worn)
 q - the +0 pair of gloves of the Elephant (worn) {*Drain rElec rCorr Stlth+}
   (You found it on level 5 of the Dungeon)

   It insulates you from electricity.
   It provides partial protection from all sources of acid and corrosion.
   It causes draining when unequipped.
   It makes you more stealthy.
 B - a +0 shield (worn)
Jewellery
 l - a +1 ring of protection (left hand)
 u - a +3 ring of strength (right hand)
Wands
 m - a wand of flame (15)
Scrolls
 e - 3 scrolls of remove curse
 f - a scroll of fog
 o - 2 scrolls of random uselessness
 r - a scroll of teleportation
 s - a scroll of amnesia
Potions
 i - 5 potions of haste
 j - 3 potions of berserk rage {unknown}
 k - 3 potions of curing
 n - 3 potions of heal wounds
 p - 4 potions of flight
 t - a potion of lignification {unknown}
Comestibles
 c - 15 rations
 v - 9 chunks of flesh


   Skills:
 + Level 6.6 Fighting
 + Level 5.5 Axes
 + Level 6.2 Armour
 + Level 4.6 Dodging
 + Level 5.5 Shields


You had 8 spell levels left.
You didn't know any spells.
Your spell library was empty.

Dungeon Overview and Level Annotations

Branches:
Dungeon (8/15)             Temple (1/1) D:4
   Lair: D:8-11

Altars:
Dithmenos
Elyvilon
Hepliaklqana
Kikubaaqudgha
Okawaru
Qazlal
Sif Muna
Trog
Vehumet
Xom
Yredelemnul

Annotations:
D:8 Erica


Innate Abilities, Weirdness & Mutations

You are resistant to torment.
Your stone body is resilient. (AC +6)
You are immune to poison.
You resist negative energy. (rN+)
You are resistant to electric shocks. (rElec)
You can survive without breathing.
You are immune to petrification.
You are immune to rotting.


Message History

A bolt of poison appears from out of thin air!
The bolt of poison hits you but does no damage.
You resist. Something hits you but does no damage.
You hear some strange, mumbled words.
Something tries to affect you, but you resist.
Something hits you but does no damage. Something hits you but does no damage.
You hear some strange, mumbled words.
Something tries to affect you, but you resist.
You hear some strange, mumbled words.
A bolt of poison appears from out of thin air!
The bolt of poison hits you but does no damage.
You resist.
You hear some strange, mumbled words.
Something tries to affect you, but you resist.
You hear some strange, mumbled words.
An orb of energy appears from out of thin air!
The orb of energy hits you!!
You die...

################
........[.......
##._#####.#.#####
###+####...# ###'#.#####
#......@...# #..........
#..........# #..........
#..........###..........
###+####................
#########.####### #.# #
#.# # .. # # #


There were no monsters in sight!

Vanquished Creatures
  A hippogriff (D:7)
  A black bear (D:6)
  An ice beast (D:5)
  3 ogres
  A centaur (D:7)
  3 bullfrogs
  A scorpion (D:7)
  3 wights (D:7)
  A howler monkey (D:5)
  5 crimson imps
  An orc priest (D:7)
  4 hounds
  A jelly (D:5)
  2 orc wizards
  Jessica (D:3)
  2 iguanas
  3 worker ants
  A hound skeleton (D:6)
  12 adders
  8 gnolls
  3 adder skeletons
  3 worms (D:2)
  3 dart slugs
  3 leopard geckos
  17 orcs
  2 ball pythons
  5 bats
  5 giant cockroaches
  9 goblins
  11 hobgoblins
  13 jackals
  7 quokkas
  4 frilled lizards
  10 kobolds
  8 rats
  3 plants (D:4)
161 creatures vanquished.

Vanquished Creatures (collateral kills)
  A centaur (D:7)
1 creature vanquished.

Vanquished Creatures (others)
  A plant (D:4)
1 creature vanquished.

Grand Total: 163 creatures vanquished

Notes
Turn   | Place    | Note
-------+----------+-------------------------------------------
     0 | D:1      | Fang the Gargoyle Berserker began the quest for the Orb.
     0 | D:1      | Reached XP level 1. HP: 14/14 MP: 1/1
   401 | D:1      | Reached XP level 2. HP: 19/19 MP: 2/2
   675 | D:1      | Reached XP level 3. HP: 23/23 MP: 3/3
   827 | D:1      | Reached skill level 1 in Shields
  1053 | D:2      | Reached ** piety under Trog
  1286 | D:2      | Found a basalt altar of Yredelemnul.
  1298 | D:2      | Reached XP level 4. HP: 29/29 MP: 4/4
  2038 | D:3      | Reached XP level 5. HP: 20/33 MP: 5/5
  2163 | D:3      | Noticed Jessica
  2172 | D:3      | Killed Jessica
  2199 | D:3      | Found a radiant altar of Vehumet.
  2226 | D:3      | Reached *** piety under Trog
  2553 | D:4      | Found a staircase to the Ecumenical Temple.
  2560 | D:4      | Reached XP level 6. HP: 39/39 MP: 6/6
  2616 | Temple   | Entered the Ecumenical Temple
  2983 | D:4      | Found a shimmering blue altar of Sif Muna.
  3046 | D:4      | Found a shadowy altar of Dithmenos.
  3063 | D:4      | Reached XP level 7. HP: 44/44 MP: 7/7
  3297 | D:4      | Found a bloodstained altar of Trog.
  3725 | D:5      | Entered Level 5 of the Dungeon
  4337 | D:5      | Reached skill level 5 in Fighting
  4418 | D:5      | Got a pair of heavily runed gloves
  4424 | D:5      | Identified the cursed +0 pair of gloves of the Elephant
                  | {*Drain rElec rCorr Stlth+} (You found it on level 5 of the
                  | Dungeon)
  4798 | D:6      | Reached **** piety under Trog
  4817 | D:6      | Found a shimmering altar of Xom.
  4848 | D:6      | Reached XP level 8. HP: 30/50 MP: 8/8
  4848 | D:6      | Reached skill level 5 in Armour
  5231 | D:6      | Found an ancient bone altar of Kikubaaqudgha.
  5412 | D:7      | Noticed a hippogriff
  5426 | D:7      | Killed a hippogriff
  5503 | D:7      | Reached skill level 5 in Axes
  5576 | D:7      | Found a hazy altar of Hepliaklqana.
  5619 | D:7      | Reached skill level 5 in Shields
  5685 | D:7      | Reached XP level 9. HP: 56/56 MP: 9/9
  5746 | D:7      | Found an iron altar of Okawaru.
  5796 | D:7      | Found a white marble altar of Elyvilon.
  6108 | D:8      | Found a stormy altar of Qazlal.
  6114 | D:8      | Noticed Erica
  6142 | D:8      | Killed from afar by Erica

Levels and vault maps discovered:
D:1:      matt_arrival_los_fun, layout_basic
D:2:      layout_basic, old_standard_altar, first_ration,
          nicolae_underground_beach
D:3:      layout_basic, vehumet_crystals, uniq_jessica
D:4:      layout_loops_ring, lemuel_doored_altar, lemuel_coloured_pillars_altar,
          grunt_dithmenos_smoke, minmay_temple_entry_overgrown
D:5:      layout_basic
D:6:      layout_cave_pools, kennysheep_little_box, kiku_gazebo_garden_becter,
          serial_park, serial_park_gazebo [serial_park_minivault_5x5_6]
D:7:      layout_cave_pools, overflow_temple_1_default, marbit_many_paths,
          nicolae_overflow_hidden_temple
D:8:      lemuel_ratsnest, layout_basic, overflow_temple_1_default,
          dpeg_oklobed_lair, enter_ossuary_2, uniq_erica
Temple:   nicolae_temple_figure_zero

Skill      XL: |  1  2  3  4  5  6  7  8  9 |
---------------+----------------------------+-----
Dodging        | 2 3 4 |  4.6
Axes           | 3 4 5 |  5.5
Shields        | 1 2 4 5 |  5.5
Armour         | 3 4 5 6 |  6.2
Fighting       | 4 5 6 |  6.6

Action                   |  1- 3 |  4- 6 |  7- 9 || total
-------------------------+-------+-------+-------++-------
Melee: Hand axe          |   109 |       |       ||   109
       War axe           |    58 |   262 |   294 ||   614
Invok: Berserk           |       |     3 |     2 ||     5
  Use: Scroll            |       |       |    16 ||    16
  Eat: Chunk             |     2 |     8 |    12 ||    22
Armor: Animal skin       |     6 |       |       ||     6
       Plate armour      |   107 |   275 |   242 ||   624
Dodge: Dodged            |    39 |    51 |    90 ||   180
Block: Shield            |    57 |   133 |   174 ||   364
